 Dungeon Crawl Stone Soup version 0.30-a0-377-g5cb311bc9f (webtiles) character file.

Game seed: 1200611873564897442

191 retardedninja the Trooper (level 5, -1/70 HPs)
             Began as a Hill Orc Fighter on Nov 30, 2022.
             Slain by a gnoll sergeant
             ... wielding a +0 spear
              (10 damage)
             ... on level 4 of the Dungeon.
             The game lasted 00:04:59 (3018 turns).

retardedninja the Trooper (Hill Orc Fighter)        Turns: 3018, Time: 00:05:00

Health: -1/70      AC: 22    Str: 19 (21) XL:     5   Next: 70%
Magic:  5/5        EV:  2    Int:  4 (6)  God:
Gold:   230        SH:  4    Dex:  9 (10) Spells: 4/4 levels left

rFire   . . .      SeeInvis .    a - +0 war axe
rCold   . . .      Faith    .    c - +0 buckler
rNeg    . . .      Spirit   .    (body armour currently unavailable)
rPois   +          Reflect  .    (helmet currently unavailable)
rElec   .          Harm     .    (cloak currently unavailable)
rCorr   .          Rampage  .    (gloves currently unavailable)
Will    +....      Clarity  +    (boots currently unavailable)
Stlth   +......... NoTele   +    (no amulet)
HPRegen 0.31/turn                (no ring)
MPRegen 0.09/turn                (no ring)

@: mighty, tree-form, attractive
A: stationary, stasis, torment immunity, boosted hp, clarity, dopey 1,
strong-willed 1
a: no special abilities


You were on level 4 of the Dungeon.
You were a tree.
You visited 1 branch of the dungeon, and saw 4 of its levels.

You collected 230 gold pieces.

Inventory:

Hand Weapons
 a - a +0 war axe (weapon)
Armour
 b - a +0 scale mail (melded)
 c - a +0 buckler (worn)
 i - a +0 helmet (melded)
 o - a +0 cloak (melded)
Jewellery
 p - a ring of wizardry
 r - an amulet of magic regeneration
 v - a ring of positive energy
Scrolls
 e - a scroll of enchant weapon {unknown}
 l - 2 scrolls of noise {unknown}
 m - a scroll of magic mapping {unknown}
 n - a scroll of immolation {unknown}
 q - 4 scrolls of identify {unknown}
 s - a scroll of amnesia {unknown}
 t - a scroll of summoning {unknown}
 u - a scroll of acquirement {unknown}
 w - a scroll of enchant armour {unknown}
 x - a scroll of poison {unknown}
Potions
 d - 2 potions of might
 f - a potion of curing
 g - a potion of lignification
 h - a potion of attraction


   Skills:
 + Level 4.8 Fighting
 + Level 4.4 Axes
 + Level 4.4 Armour
 + Level 4.3 Shields


You had 4 spell levels left.
You didn't know any spells.
Your spell library contained the following spells:

 Spells                   Type           Power      Damage    Failure   Level
 Ensorcelled Hibernation  Hex/Ice        0%         N/A       73%         2
 Passwall                 Tmut/Erth      0%         N/A       73%         2
 Spider Form              Tmut/Pois      0%         N/A       91%         3
 Swiftness                Air            0%         N/A       91%         3
 Anguish                  Hex/Necr       0%         N/A       100%        4


Dungeon Overview and Level Annotations

Branches:
Dungeon (4/15)
 Temple: D:4-7

Altars:
Fedhas
Wu Jian

Annotations:
D:4 1 runed translucent door, mintfox's ghost, amateur TeGl


Innate Abilities, Weirdness & Mutations

You are a tree.
Your roots penetrate the ground, keeping you stationary.
You cannot be teleported.
You are immune to unholy pain and torment.
Your maximum health is greatly increased.
Your equipment is partially melded.
You possess an exceptional clarity of mind.
You are dopey. (Int -2)
You are strong-willed. (Will+)


Message History

You block the gnoll's attack.
The gnoll sergeant hits you from afar with a +0 spear!
* * * LOW HITPOINT WARNING * * *
It was a potion of attraction.
You feel attractive to monsters. The gnoll hits you with a +0 flail.
* * * LOW HITPOINT WARNING * * *
The gnoll hits you but does no damage. You block the gnoll sergeant's attack.
It was a potion of degeneration.
There was something very wrong with that liquid.
You feel weakened.
You feel dopey.
You feel clumsy. The gnoll hits you but does no damage.
You block the gnoll's attack.
The gnoll sergeant hits you but does no damage.
It was a potion of mutation.
You feel extremely strange.
You feel stupid.
Your thoughts seem clearer.
You feel strong-willed. The gnoll barely misses you.
The gnoll hits you but does no damage. You block the gnoll sergeant's attack.
You slash the gnoll!
You kill the gnoll!
The gnoll sergeant hits you from afar with a +0 spear.
* * * LOW HITPOINT WARNING * * *
The gnoll hits you from afar with a +0 spear.
* * * LOW HITPOINT WARNING * * *
The gnoll is attracted toward you.
Unknown command.
You feel better. You block the gnoll's attack.
The gnoll sergeant hits you but does no damage.
The gnoll hits you from afar with a +0 spear.
* * * LOW HITPOINT WARNING * * *
You hit the gnoll.
The gnoll is heavily wounded.
The gnoll completely misses you.
The gnoll sergeant hits you from afar with a +0 spear!
* * * LOW HITPOINT WARNING * * *
The gnoll hits you from afar with a +0 spear.
* * * LOW HITPOINT WARNING * * *
You hit the gnoll.
The gnoll is severely wounded.
The gnoll sergeant hits you from afar with a +0 spear!
You die...

########)###..#.....)..#.....##
#....)))).....#........#.......
#.######.###.##........#..#..##
#.# #.###.##................
#.# ≈≈≈≈≈≈≈≈≈.##.##.#..#..##
###.##
#≈##≈≈≈##≈.............##
#....# #≈
######≈.##.##......... ####.#
#≈ #..g#≈≈.##'##.##...... #.#
#≈ #$.gg♣..#............. #.#
#..g#≈≈.#.....##.#.### #.# ###
##≈.#.....##...... #.#
#≈.#............. #.#
≈≈.#.............
#.###############.....##......
#...............'.............
#################.....##...#.#
#####.##...#.#


You could see a gnoll sergeant and 3 gnolls.

Vanquished Creatures
  An orc wizard (D:4)
  4 gnolls (D:4)
  4 adders
  4 worms
  A dart slug (D:4)
  8 orcs
  10 ball pythons
  4 bats
  7 endoplasms
  2 giant cockroaches
  5 goblins
  6 hobgoblins
  2 quokkas
  5 frilled lizards
  3 kobolds
  7 rats
73 creatures vanquished.

Notes
Turn   | Place    | Note
-------+----------+-------------------------------------------
     0 | D:1      | retardedninja the Hill Orc Fighter began the quest for the
                  | Orb.
     0 | D:1      | Reached XP level 1. HP: 19/19 MP: 1/1
   121 | D:1      | Reached XP level 2. HP: 27/27 MP: 2/2
   518 | D:1      | Reached XP level 3. HP: 29/33 MP: 3/3
   811 | D:2      | Found a blossoming altar of Fedhas.
   900 | D:2      | Reached XP level 4. HP: 40/40 MP: 4/4
  1559 | D:3      | Identified the +0 robe of Tueb {*Corrode rElec Str+9 Int-2}
  1976 | D:4      | Noticed mintfox's ghost (amateur TeGl)
  1980 | D:4      | Found a runed translucent door.
  2072 | D:4      | Found an ornate altar of the Wu Jian Council.
  2237 | D:4      | Reached XP level 5. HP: 39/47 MP: 5/5
  3014 | D:4      | Gained mutation: You are dopey. (Int -2) [potion of
                  | mutation]
  3014 | D:4      | Gained mutation: You possess an exceptional clarity of
                  | mind. [potion of mutation]
  3014 | D:4      | Gained mutation: You are strong-willed. (Will+) [potion of
                  | mutation]
  3018 | D:4      | Slain by a gnoll sergeant

Illustrated notes

Levels and vault maps discovered:
D:1:      giann_bridges, layout_basic
D:2:      layout_basic, basic_altar
D:3:      wad_crossroads, layout_basic
D:4:      layout_basic, old_standard_altar, hellmonk_ghost_happy_afterlife,
          lightli_minifort

Skill      XL: |  1  2  3  4 |
---------------+-------------+-----
Axes           | 3 4 |  4.4
Fighting       | 4 |  4.8
Armour         | 4 |  4.4
Shields        | 4 |  4.3

Action                   |  1- 3 |  4- 6 || total
-------------------------+-------+-------++-------
Melee: War axe           |    89 |   128 ||   217
  Use: Potion            |       |    10 ||    10
Armor: Scale mail        |    45 |    63 ||   108
       Skin              |       |     6 ||     6
Dodge: Dodged            |    45 |    61 ||   106
Block: Buckler           |    19 |    41 ||    60

Table legend: (Time is in decaauts)
 A = Elapsed time spent in this place.
 B = Non-inter-level travel time spent in this place.
 C = Inter-level travel time spent in this place.
 D = Time resting spent in this place.
 E = Time spent auto-exploring this place.
 F = Levels seen in this place.
 G = Mean time per level.
                   A        B        C        D        E       F      G
               +--------+--------+--------+--------+--------+-----+--------+
         Total |   3094 |   3007 |     87 |    322 |   2089 |   4 |  773.5 |
       Dungeon |   3094 |   3007 |     87 |    322 |   2089 |   4 |  773.5 |
               +--------+--------+--------+--------+--------+-----+--------+

Top non-repeatable levels by time:
     D:4: 1068 daAuts
     D:3: 855 daAuts
     D:2: 595 daAuts
     D:1: 575 daAuts
